Workbook

Sheet EMI Calculator
A1: EMI Calculator Excel Sheet Template
A2: Loan EMI, interest and repayment analysis — enter loan details and review automatic calculations
A4: S.No. | B4: Loan / Borrower | C4: Loan Type | D4: Loan Amount (₹) | E4: Annual Interest Rate (%) | F4: Tenure (Months) | G4: Start Date | H4: Monthly EMI (₹) | I4: Total Interest (₹) | J4: Total Payment (₹) | K4: Status
A5: 1 | B5: Home Loan - Sharma | C5: Home Loan | D5: 3500000 | E5: 0.085 | F5: 240 | G5: 46037 | H5: =IF(OR(D5<=0,F5<=0),"",IF(E5=0,D5/F5,PMT(E5/12,F5,-D5))) -> 30373.813 | I5: =IF(H5="","",H5*F5-D5) -> 3789715.2 | J5: =IF(H5="","",H5*F5) -> 7289715.2 | K5: Active
A6: 2 | B6: Car Loan - Verma | C6: Car Loan | D6: 850000 | E6: 0.0925 | F6: 60 | G6: 46054 | H6: =IF(OR(D6<=0,F6<=0),"",IF(E6=0,D6/F6,PMT(E6/12,F6,-D6))) -> 17747.914 | I6: =IF(H6="","",H6*F6-D6) -> 214874.81 | J6: =IF(H6="","",H6*F6) -> 1064874.8 | K6: Active
A7: 3 | B7: Personal Loan - Singh | C7: Personal Loan | D7: 500000 | E7: 0.125 | F7: 48 | G7: 46091 | H7: =IF(OR(D7<=0,F7<=0),"",IF(E7=0,D7/F7,PMT(E7/12,F7,-D7))) -> 13289.999 | I7: =IF(H7="","",H7*F7-D7) -> 137919.97 | J7: =IF(H7="","",H7*F7) -> 637919.97 | K7: Active
A8: 4 | B8: Education Loan - Patel | C8: Education Loan | D8: 750000 | E8: 0.08 | F8: 84 | G8: 46042 | H8: =IF(OR(D8<=0,F8<=0),"",IF(E8=0,D8/F8,PMT(E8/12,F8,-D8))) -> 11689.661 | I8: =IF(H8="","",H8*F8-D8) -> 231931.51 | J8: =IF(H8="","",H8*F8) -> 981931.51 | K8: Active
A9: 5 | B9: Home Loan - Gupta | C9: Home Loan | D9: 2800000 | E9: 0.0875 | F9: 180 | G9: 45966 | H9: =IF(OR(D9<=0,F9<=0),"",IF(E9=0,D9/F9,PMT(E9/12,F9,-D9))) -> 27984.562 | I9: =IF(H9="","",H9*F9-D9) -> 2237221.2 | J9: =IF(H9="","",H9*F9) -> 5037221.2 | K9: Active
A10: 6 | B10: Two-Wheeler - Khan | C10: Two-Wheeler Loan | D10: 120000 | E10: 0.105 | F10: 36 | G10: 46113 | H10: =IF(OR(D10<=0,F10<=0),"",IF(E10=0,D10/F10,PMT(E10/12,F10,-D10))) -> 3900.2932 | I10: =IF(H10="","",H10*F10-D10) -> 20410.556 | J10: =IF(H10="","",H10*F10) -> 140410.56 | K10: Active
A11: 7 | B11: Business Loan - Mehta | C11: Business Loan | D11: 1500000 | E11: 0.11 | F11: 72 | G11: 46027 | H11: =IF(OR(D11<=0,F11<=0),"",IF(E11=0,D11/F11,PMT(E11/12,F11,-D11))) -> 28551.119 | I11: =IF(H11="","",H11*F11-D11) -> 555680.53 | J11: =IF(H11="","",H11*F11) -> 2055680.5 | K11: Active
A12: 8 | B12: Personal Loan - Joshi | C12: Personal Loan | D12: 300000 | E12: 0.1325 | F12: 36 | G12: 46154 | H12: =IF(OR(D12<=0,F12<=0),"",IF(E12=0,D12/F12,PMT(E12/12,F12,-D12))) -> 10144.348 | I12: =IF(H12="","",H12*F12-D12) -> 65196.532 | J12: =IF(H12="","",H12*F12) -> 365196.53 | K12: Pending
A13: 9 | B13: Car Loan - Rao | C13: Car Loan | D13: 1200000 | E13: 0.0975 | F13: 72 | G13: 46068 | H13: =IF(OR(D13<=0,F13<=0),"",IF(E13=0,D13/F13,PMT(E13/12,F13,-D13))) -> 22080.019 | I13: =IF(H13="","",H13*F13-D13) -> 389761.35 | J13: =IF(H13="","",H13*F13) -> 1589761.4 | K13: Active
A14: 10 | B14: Consumer Loan - Das | C14: Consumer Loan | D14: 180000 | E14: 0.14 | F14: 24 | G14: 46174 | H14: =IF(OR(D14<=0,F14<=0),"",IF(E14=0,D14/F14,PMT(E14/12,F14,-D14))) -> 8642.319 | I14: =IF(H14="","",H14*F14-D14) -> 27415.656 | J14: =IF(H14="","",H14*F14) -> 207415.66 | K14: Closed
A15: 11 | B15: Other Loan | C15: Other | D15: 50000 | E15: 0.11 | F15: 20 | G15: 46296 | H15: =IF(OR(D15<=0,F15<=0),"",IF(E15=0,D15/F15,PMT(E15/12,F15,-D15))) -> 2747.5741 | I15: =IF(H15="","",H15*F15-D15) -> 4951.4825 | J15: =IF(H15="","",H15*F15) -> 54951.482 | K15: Active
A19: Portfolio Summary
A20: Total Loans | B20: =COUNTA(B5:B14) -> 10
A21: Total Loan Amount | B21: =SUM(D5:D14) -> 11700000
A22: Total Monthly EMI | B22: =SUM(H5:H14) -> 174404.05
A23: Total Interest | B23: =SUM(I5:I14) -> 7670127.3
A24: Total Repayment | B24: =SUM(J5:J14) -> 19370127
A25: Average Interest Rate | B25: =AVERAGE(E5:E14) -> 0.1055

Sheet Dashboard
A1: EMI Calculator Dashboard
A3: Key Metrics | D3: Loan Type Summary
A4: Total Loans | B4: ='EMI Calculator'!B20 -> 10 | D4: Loan Type | E4: No. of Loans | F4: Loan Amount
A5: Total Loan Amount | B5: ='EMI Calculator'!B21 -> 11700000 | D5: Home Loan | E5: =COUNTIF('EMI Calculator'!$C$5:$C$14,D5) -> 2 | F5: =SUMIF('EMI Calculator'!$C$5:$C$14,D5,'EMI Calculator'!$D$5:$D$14) -> 6300000
A6: Total Monthly EMI | B6: ='EMI Calculator'!B22 -> 174404.05 | D6: Car Loan | E6: =COUNTIF('EMI Calculator'!$C$5:$C$14,D6) -> 2 | F6: =SUMIF('EMI Calculator'!$C$5:$C$14,D6,'EMI Calculator'!$D$5:$D$14) -> 2050000
A7: Total Interest | B7: ='EMI Calculator'!B23 -> 7670127.3 | D7: Personal Loan | E7: =COUNTIF('EMI Calculator'!$C$5:$C$14,D7) -> 2 | F7: =SUMIF('EMI Calculator'!$C$5:$C$14,D7,'EMI Calculator'!$D$5:$D$14) -> 800000
A8: Total Repayment | B8: ='EMI Calculator'!B24 -> 19370127 | D8: Education Loan | E8: =COUNTIF('EMI Calculator'!$C$5:$C$14,D8) -> 1 | F8: =SUMIF('EMI Calculator'!$C$5:$C$14,D8,'EMI Calculator'!$D$5:$D$14) -> 750000
A9: Average Interest Rate | B9: ='EMI Calculator'!B25 -> 0.1055 | D9: Business Loan | E9: =COUNTIF('EMI Calculator'!$C$5:$C$14,D9) -> 1 | F9: =SUMIF('EMI Calculator'!$C$5:$C$14,D9,'EMI Calculator'!$D$5:$D$14) -> 1500000
D10: Two-Wheeler Loan | E10: =COUNTIF('EMI Calculator'!$C$5:$C$14,D10) -> 1 | F10: =SUMIF('EMI Calculator'!$C$5:$C$14,D10,'EMI Calculator'!$D$5:$D$14) -> 120000
D11: Consumer Loan | E11: =COUNTIF('EMI Calculator'!$C$5:$C$14,D11) -> 1 | F11: =SUMIF('EMI Calculator'!$C$5:$C$14,D11,'EMI Calculator'!$D$5:$D$14) -> 180000

Sheet Amortization
A1: Loan Amortization Schedule
A2: Enter the loan parameters below; the schedule calculates principal, interest and balance.
A4: Loan Amount (₹) | B4: 1000000 | D4: Monthly EMI | E4: =IF(OR(B4<=0,B6<=0),"",IF(B5=0,B4/B6,PMT(B5/12,B6,-B4))) -> 833333.33
A5: Annual Interest Rate (%) | B5: 10
A6: Tenure (Months) | B6: 60
A7: Start Date | B7: 46296
A10: Month | B10: Payment Date | C10: Opening Balance (₹) | D10: EMI (₹) | E10: Interest (₹) | F10: Principal (₹) | G10: Closing Balance (₹) | H10: Cumulative Interest (₹) | I10: Cumulative Principal (₹) | J10: Status
A11: 1 | B11: =IF($B$7="","",$B$7) -> 46296 | C11: =IF($B$4<=0,"",$B$4) -> 1000000 | D11: =IF(OR(C11="",C11<=0,$E$4=""),"",MIN($E$4,C11+E11)) -> 833333.33 | E11: =IF(C11="","",C11*$B$5/12) -> 833333.33 | F11: =IF(D11="","",D11-E11) -> 1.1641532e-10 | G11: =IF(C11="","",MAX(0,C11-F11)) -> 1000000 | H11: =IF(E11="","",E11) -> 833333.33 | I11: =IF(F11="","",F11) -> 1.1641532e-10 | J11: =IF(C11="","",IF(G11=0,"Paid","Scheduled")) -> Scheduled
A12: 2 | B12: =IF(B11="","",EDATE(B11,1)) -> 46327 | C12: =IF(G11<=0,"",G11) -> 1000000 | D12: =IF(OR(C12="",C12<=0,$E$4=""),"",MIN($E$4,C12+E12)) -> 833333.33 | E12: =IF(C12="","",C12*$B$5/12) -> 833333.33 | F12: =IF(D12="","",D12-E12) -> 3.4924597e-10 | G12: =IF(C12="","",MAX(0,C12-F12)) -> 1000000 | H12: =IF(E12="","",H11+E12) -> 1666666.7 | I12: =IF(F12="","",I11+F12) -> 4.6566129e-10 | J12: =IF(C12="","",IF(G12=0,"Paid","Scheduled")) -> Scheduled
A13: 3 | B13: =IF(B12="","",EDATE(B12,1)) -> 46357 | C13: =IF(G12<=0,"",G12) -> 1000000 | D13: =IF(OR(C13="",C13<=0,$E$4=""),"",MIN($E$4,C13+E13)) -> 833333.33 | E13: =IF(C13="","",C13*$B$5/12) -> 833333.33 | F13: =IF(D13="","",D13-E13) -> 4.6566129e-10 | G13: =IF(C13="","",MAX(0,C13-F13)) -> 1000000 | H13: =IF(E13="","",H12+E13) -> 2500000 | I13: =IF(F13="","",I12+F13) -> 9.3132257e-10 | J13: =IF(C13="","",IF(G13=0,"Paid","Scheduled")) -> Scheduled
A14: 4 | B14: =IF(B13="","",EDATE(B13,1)) -> 46388 | C14: =IF(G13<=0,"",G13) -> 1000000 | D14: =IF(OR(C14="",C14<=0,$E$4=""),"",MIN($E$4,C14+E14)) -> 833333.33 | E14: =IF(C14="","",C14*$B$5/12) -> 833333.33 | F14: =IF(D14="","",D14-E14) -> 9.3132257e-10 | G14: =IF(C14="","",MAX(0,C14-F14)) -> 1000000 | H14: =IF(E14="","",H13+E14) -> 3333333.3 | I14: =IF(F14="","",I13+F14) -> 1.8626451e-09 | J14: =IF(C14="","",IF(G14=0,"Paid","Scheduled")) -> Scheduled
A15: 5 | B15: =IF(B14="","",EDATE(B14,1)) -> 46419 | C15: =IF(G14<=0,"",G14) -> 1000000 | D15: =IF(OR(C15="",C15<=0,$E$4=""),"",MIN($E$4,C15+E15)) -> 833333.33 | E15: =IF(C15="","",C15*$B$5/12) -> 833333.33 | F15: =IF(D15="","",D15-E15) -> 1.7462298e-09 | G15: =IF(C15="","",MAX(0,C15-F15)) -> 1000000 | H15: =IF(E15="","",H14+E15) -> 4166666.7 | I15: =IF(F15="","",I14+F15) -> 3.608875e-09 | J15: =IF(C15="","",IF(G15=0,"Paid","Scheduled")) -> Scheduled
A16: 6 | B16: =IF(B15="","",EDATE(B15,1)) -> 46447 | C16: =IF(G15<=0,"",G15) -> 1000000 | D16: =IF(OR(C16="",C16<=0,$E$4=""),"",MIN($E$4,C16+E16)) -> 833333.33 | E16: =IF(C16="","",C16*$B$5/12) -> 833333.33 | F16: =IF(D16="","",D16-E16) -> 3.1432137e-09 | G16: =IF(C16="","",MAX(0,C16-F16)) -> 1000000 | H16: =IF(E16="","",H15+E16) -> 5000000 | I16: =IF(F16="","",I15+F16) -> 6.7520887e-09 | J16: =IF(C16="","",IF(G16=0,"Paid","Scheduled")) -> Scheduled
A17: 7 | B17: =IF(B16="","",EDATE(B16,1)) -> 46478 | C17: =IF(G16<=0,"",G16) -> 1000000 | D17: =IF(OR(C17="",C17<=0,$E$4=""),"",MIN($E$4,C17+E17)) -> 833333.33 | E17: =IF(C17="","",C17*$B$5/12) -> 833333.33 | F17: =IF(D17="","",D17-E17) -> 5.7043508e-09 | G17: =IF(C17="","",MAX(0,C17-F17)) -> 1000000 | H17: =IF(E17="","",H16+E17) -> 5833333.3 | I17: =IF(F17="","",I16+F17) -> 1.2456439e-08 | J17: =IF(C17="","",IF(G17=0,"Paid","Scheduled")) -> Scheduled
A18: 8 | B18: =IF(B17="","",EDATE(B17,1)) -> 46508 | C18: =IF(G17<=0,"",G17) -> 1000000 | D18: =IF(OR(C18="",C18<=0,$E$4=""),"",MIN($E$4,C18+E18)) -> 833333.33 | E18: =IF(C18="","",C18*$B$5/12) -> 833333.33 | F18: =IF(D18="","",D18-E18) -> 1.0593794e-08 | G18: =IF(C18="","",MAX(0,C18-F18)) -> 1000000 | H18: =IF(E18="","",H17+E18) -> 6666666.7 | I18: =IF(F18="","",I17+F18) -> 2.3050234e-08 | J18: =IF(C18="","",IF(G18=0,"Paid","Scheduled")) -> Scheduled
A19: 9 | B19: =IF(B18="","",EDATE(B18,1)) -> 46539 | C19: =IF(G18<=0,"",G18) -> 1000000 | D19: =IF(OR(C19="",C19<=0,$E$4=""),"",MIN($E$4,C19+E19)) -> 833333.33 | E19: =IF(C19="","",C19*$B$5/12) -> 833333.33 | F19: =IF(D19="","",D19-E19) -> 1.9441359e-08 | G19: =IF(C19="","",MAX(0,C19-F19)) -> 1000000 | H19: =IF(E19="","",H18+E19) -> 7500000 | I19: =IF(F19="","",I18+F19) -> 4.2491592e-08 | J19: =IF(C19="","",IF(G19=0,"Paid","Scheduled")) -> Scheduled
A20: 10 | B20: =IF(B19="","",EDATE(B19,1)) -> 46569 | C20: =IF(G19<=0,"",G19) -> 1000000 | D20: =IF(OR(C20="",C20<=0,$E$4=""),"",MIN($E$4,C20+E20)) -> 833333.33 | E20: =IF(C20="","",C20*$B$5/12) -> 833333.33 | F20: =IF(D20="","",D20-E20) -> 3.5506673e-08 | G20: =IF(C20="","",MAX(0,C20-F20)) -> 1000000 | H20: =IF(E20="","",H19+E20) -> 8333333.3 | I20: =IF(F20="","",I19+F20) -> 7.7998266e-08 | J20: =IF(C20="","",IF(G20=0,"Paid","Scheduled")) -> Scheduled
A21: 11 | B21: =IF(B20="","",EDATE(B20,1)) -> 46600 | C21: =IF(G20<=0,"",G20) -> 1000000 | D21: =IF(OR(C21="",C21<=0,$E$4=""),"",MIN($E$4,C21+E21)) -> 833333.33 | E21: =IF(C21="","",C21*$B$5/12) -> 833333.33 | F21: =IF(D21="","",D21-E21) -> 6.519258e-08 | G21: =IF(C21="","",MAX(0,C21-F21)) -> 1000000 | H21: =IF(E21="","",H20+E21) -> 9166666.7 | I21: =IF(F21="","",I20+F21) -> 1.4319085e-07 | J21: =IF(C21="","",IF(G21=0,"Paid","Scheduled")) -> Scheduled
A22: 12 | B22: =IF(B21="","",EDATE(B21,1)) -> 46631 | C22: =IF(G21<=0,"",G21) -> 1000000 | D22: =IF(OR(C22="",C22<=0,$E$4=""),"",MIN($E$4,C22+E22)) -> 833333.33 | E22: =IF(C22="","",C22*$B$5/12) -> 833333.33 | F22: =IF(D22="","",D22-E22) -> 1.1955854e-07 | G22: =IF(C22="","",MAX(0,C22-F22)) -> 1000000 | H22: =IF(E22="","",H21+E22) -> 10000000 | I22: =IF(F22="","",I21+F22) -> 2.6274938e-07 | J22: =IF(C22="","",IF(G22=0,"Paid","Scheduled")) -> Scheduled
A23: 13 | B23: =IF(B22="","",EDATE(B22,1)) -> 46661 | C23: =IF(G22<=0,"",G22) -> 1000000 | D23: =IF(OR(C23="",C23<=0,$E$4=""),"",MIN($E$4,C23+E23)) -> 833333.33 | E23: =IF(C23="","",C23*$B$5/12) -> 833333.33 | F23: =IF(D23="","",D23-E23) -> 2.1921005e-07 | G23: =IF(C23="","",MAX(0,C23-F23)) -> 1000000 | H23: =IF(E23="","",H22+E23) -> 10833333 | I23: =IF(F23="","",I22+F23) -> 4.8195943e-07 | J23: =IF(C23="","",IF(G23=0,"Paid","Scheduled")) -> Scheduled
... A370: 360 | B370: =IF(B369="","",EDATE(B369,1)) -> 57224 | C370: =IF(G369<=0,"",G369) | D370: =IF(OR(C370="",C370<=0,$E$4=""),"",MIN($E$4,C370+E370)) | E370: =IF(C370="","",C370*$B$5/12) | F370: =IF(D370="","",D370-E370) | G370: =IF(C370="","",MAX(0,C370-F370)) | H370: =IF(E370="","",H369+E370) | I370: =IF(F370="","",I369+F370) | J370: =IF(C370="","",IF(G370=0,"Paid","Scheduled"))

Sheet Sheet2

Sheet Sheet3
A1: Loan Amount (₹)
A2: Annual Interest Rate (%)
A3: Tenure (Months)
A4: Start Date
A5: Monthly EMI (₹)
A6: Total Interest (₹)
A7: Total Payment (₹)
A8: Status
